Map: [ESL] Cosmic Sapphire

Players

ShoWTimE - Winner!

  • Race: Protoss Protoss
  • League: Master
  • Spawn Location: 11:00

Lambo

  • Race: Zerg Zerg
  • League: Grandmaster
  • Spawn Location: 5:00

Event: TSL 9

VOD

Have the link to the VOD?

Description

Time

  • Played on: Sept. 3, 2022, 7:41 a.m.
  • Length: 10:15

All games in this series

Show
View Real Time Build Order
Export as new Build Order

ShoWTimE Protoss - Winner!

Build Orders: 1 Gate Expand, Oracle Opening 

Get SALT Encoding   

  12  0:00  Probe  
  13  0:12  Probe  
  14  0:18  Pylon  
  14  0:24  Probe  
  14  0:28  Assimilator  
  15  0:36  Probe (Chrono Boost)  
  16  0:46  Probe (Chrono Boost)  
  16  0:47  Gateway  
  17  0:51  Probe (Chrono Boost)  
  18  1:03  Probe  
  19  1:15  Probe  
  20  1:23  Nexus  
  20  1:27  Probe  
  21  1:36  Cybernetics Core  
  21  1:40  Assimilator  
  21  1:44  Probe  
  22  1:50  Pylon  
  22  1:56  Probe  
  23  2:08  Probe (Chrono Boost)  
  24  2:12  Warp Gate, Adept  
  26  2:17  Probe (Chrono Boost)  
  26  2:18  Stargate  
  26  2:22  Probe  
  28  2:35  Probe (Chrono Boost)  
  30  2:40  Probe (Chrono Boost)  
  30  2:42  Stalker  
  33  2:44  Probe (Chrono Boost)  
  33  2:48  Probe (Chrono Boost)  
  33  2:49  Probe (Chrono Boost)  
  35  2:59  Probe, Oracle (Chrono Boost)  
  35  3:01  Probe  
  35  3:04  Pylon  
  40  3:11  Probe  
  41  3:13  Probe  
  42  3:21  Nexus  
  42  3:23  Probe  
  42  3:26  Probe  
  44  3:28  Oracle (Chrono Boost)  
  47  3:35  Pylon  
  47  3:36  Probe  
  47  3:39  Probe  
  49  3:44  Twilight Council  
  49  3:49  Probe, Assimilator  
  49  3:51  Probe  
  51  4:01  Probe  
  52  4:03  Probe  
  52  4:04  Gateway  
  52  4:06  Gateway  
  53  4:11  Gateway  
  53  4:12  Blink (Chrono Boost)  
  53  4:13  Probe  
  53  4:15  Probe  
  55  4:22  Stalker  
  57  4:25  Probe  
  57  4:27  Probe  
  59  4:33  Probe, Pylon  
  59  4:38  Probe  
  61  4:39  Probe  
  61  4:40  Forge  
  61  4:41  Probe  
  63  4:47  Stalker  
  63  4:50  Probe x2  
  63  4:51  Shield Battery, Probe  
  67  4:59  Probe  
  68  5:02  Probe  
  68  5:04  Probe  
  71  5:07  Stalker x3, Protoss Ground Weapons Level 1 (Chrono Boost)  
  71  5:11  Stalker  
  71  5:12  Probe  
  80  5:14  Probe  
  80  5:15  Pylon  
  80  5:19  Pylon  
  81  5:29  Pylon  
  81  5:30  Pylon, Stalker x2  
  81  5:33  Stalker  
  81  5:34  Stalker  
  89  5:36  Charge (Chrono Boost)  
  89  5:50  Gateway  
  89  5:53  Stalker  
  89  5:54  Stalker  
  89  5:56  Shield Battery  
  91  6:00  Stalker  
  93  6:06  Gateway  
  93  6:07  Gateway  
  93  6:09  Gateway  
  93  6:16  Probe x3  
  93  6:17  Assimilator  
  96  6:22  Zealot, Nexus  
  96  6:23  Zealot x2, Pylon  
  96  6:25  Zealot  
  104  6:29  Pylon  
  104  6:30  Pylon  
  104  6:33  Probe x3  
  107  6:43  Zealot  
  107  6:44  Zealot x3  
  113  6:47  Pylon  
  113  6:48  Pylon  
  113  6:52  Pylon  
  113  6:55  Photon Cannon  
  113  6:57  Zealot  
  115  7:04  Stalker x5  
  115  7:07  Protoss Ground Weapons Level 2 (Chrono Boost)  
  125  7:09  Zealot x2  
  125  7:10  Probe  
  125  7:11  Probe  
  125  7:12  Probe  
  130  7:17  Pylon  
  129  7:22  Probe  
  129  7:23  Zealot  
  129  7:29  Stalker x5  
  117  7:33  Probe  
  117  7:35  Probe x3  
  115  7:40  Zealot x2  
  119  7:45  Probe  
  119  7:51  Stalker  
  120  7:53  Zealot x5  
  120  7:58  Probe x3  
  117  8:08  Zealot x2  
  117  8:09  Probe  
  117  8:10  Probe x2  
  124  8:13  Zealot x5  
  124  8:14  Zealot  
  124  8:16  Pylon  
  136  8:21  Photon Cannon  
  136  8:22  Shield Battery  
  136  8:31  Stalker  
  136  8:32  Stalker  
  139  8:34  Zealot x3  
  139  8:35  Zealot x3  
  132  8:48  Probe x2  
  132  8:49  Probe  
  132  8:51  Probe, Gateway  
  132  8:54  Gateway, Stalker x3  
  132  8:55  Zealot, Stalker  
  139  9:02  Zealot  
  139  9:03  Zealot x2  
  139  9:06  Probe  
  142  9:23  Zealot x2  
  142  9:24  Zealot x6  
  136  9:30  Probe x2  
  138  9:38  Nexus  
  138  9:40  Pylon  
  138  9:42  Templar Archives  
  132  9:46  Zealot x7  
  132  9:47  Zealot  
  132  9:52  Zealot x2  
  148  9:55  Probe x4  
  140  10:06  Stalker x3  
  140  10:07  Stalker x2  
  120  10:11  Stalker x2  
Show
View Real Time Build Order
Export as new Build Order

Lambo Zerg 

Build Orders: Hatch First 

Get SALT Encoding   

  12  0:00  Drone  
  13  0:11  Overlord  
  13  0:16  Drone  
  14  0:30  Drone x2  
  16  0:48  Hatchery  
  15  0:50  Drone  
  15  0:54  Drone  
  15  0:56  Drone  
  18  1:07  Extractor  
  17  1:12  Spawning Pool  
  17  1:15  Drone  
  17  1:18  Drone  
  18  1:27  Drone  
  19  1:37  Drone  
  20  1:48  Drone  
  21  1:59  Queen x2  
  21  2:00  Zergling x2  
  21  2:01  Overlord  
  26  2:10  Drone  
  26  2:11  Drone, Metabolic Boost  
  28  2:21  Drone  
  28  2:22  Drone  
  30  2:32  Drone x2  
  30  2:35  Hatchery  
  31  2:42  Drone  
  31  2:43  Overlord  
  32  2:47  Queen  
  34  2:54  Drone  
  34  2:55  Drone  
  36  3:03  Queen  
  36  3:04  Overlord  
  38  3:08  Drone x3  
  38  3:10  Drone  
  42  3:17  Drone  
  42  3:18  Overlord  
  43  3:23  Queen  
  45  3:28  Drone x2  
  47  3:38  Drone  
  47  3:40  Drone  
  47  3:41  Drone  
  50  3:43  Spore Crawler  
  50  3:44  Drone x2  
  50  3:47  Queen  
  50  3:48  Overlord  
  53  3:56  Drone x5  
  53  3:58  Drone  
  53  4:01  Drone  
  60  4:03  Drone, Evolution Chamber  
  60  4:05  Spore Crawler  
  60  4:08  Drone  
  60  4:14  Overlord  
  60  4:15  Drone x3  
  63  4:20  Drone  
  63  4:21  Drone  
  65  4:25  Drone  
  65  4:30  Drone x2  
  63  4:32  Drone x3  
  63  4:35  Drone  
  63  4:36  Zerg Melee Weapons Level 1  
  67  4:38  Baneling Nest  
  67  4:41  Drone  
  67  4:42  Drone x2  
  67  4:45  Drone  
  70  4:46  Drone x3  
  70  4:50  Hatchery  
  70  4:51  Queen  
  74  4:52  Overlord  
  74  4:55  Zergling x4  
  74  4:58  Drone  
  77  5:00  Zergling x2, Extractor, Spore Crawler  
  77  5:04  Zergling x2  
  77  5:06  Lair  
  77  5:12  Zergling x10  
  82  5:18  Overlord  
  82  5:20  Drone  
  82  5:21  Drone  
  84  5:22  Extractor, Zergling x10  
  88  5:31  Zergling x2  
  89  5:37  Overlord x3  
  89  5:38  Queen x2  
  89  5:39  Zergling x6  
  96  5:46  Zergling x2  
  96  5:47  Overlord  
  96  5:48  Overlord  
  97  5:53  Overlord  
  96  6:01  Extractor  
  96  6:02  Zergling x12  
  101  6:05  Queen  
  101  6:08  Overlord  
  101  6:11  Zergling x12  
  107  6:13  Queen  
  111  6:19  Zergling x14  
  117  6:26  Zergling x6  
  117  6:28  Queen  
  117  6:30  Drone  
  117  6:31  Zerg Melee Weapons Level 2, Centrifugal Hooks  
  123  6:35  Overlord, Drone x3  
  123  6:36  Drone  
  127  6:41  Hatchery  
  127  6:43  Drone x2  
  127  6:44  Drone x3  
  127  6:45  Drone x3  
  134  6:53  Zergling x2  
  135  6:57  Zergling x6, Baneling x5  
  138  7:01  Spore Crawler  
  138  7:05  Zergling x14  
  144  7:09  Baneling x4  
  144  7:11  Zergling x12  
  143  7:18  Zergling x4  
  143  7:21  Zergling x2  
  143  7:22  Zergling x2  
  128  7:29  Zergling x4  
  108  7:32  Zergling x4  
  108  7:34  Queen x2  
  110  7:37  Zergling x12  
  110  7:39  Zergling x8  
  110  7:41  Baneling x4  
  110  7:43  Zergling x2  
  119  7:45  Baneling x2  
  119  7:48  Zergling x4  
  120  7:54  Zergling x4  
  119  7:59  Zergling x4  
  119  8:02  Zergling x14  
  113  8:06  Queen x2, Zergling x2  
  113  8:08  Baneling x6  
  113  8:11  Zergling x10  
  113  8:12  Baneling  
  122  8:15  Zergling x8  
  126  8:21  Baneling  
  126  8:22  Overlord  
  126  8:23  Queen  
  126  8:25  Overlord  
  125  8:27  Overlord, Hatchery  
  125  8:28  Overlord  
  125  8:31  Overlord  
  125  8:32  Overlord  
  125  8:34  Overlord  
  124  8:37  Queen  
  124  8:39  Zergling x16  
  123  8:44  Queen  
  123  8:46  Zergling x14  
  127  8:54  Zergling x12  
  125  8:57  Zergling x4  
  125  8:58  Baneling x7  
  125  8:59  Zergling x8  
  125  9:05  Zergling x8  
  125  9:09  Zergling x6  
  120  9:11  Zergling x2  
  120  9:12  Baneling x3  
  120  9:14  Zergling x4  
  117  9:20  Zergling x4  
  108  9:26  Zergling x10  
  108  9:30  Zergling x10  
  117  9:35  Zergling x12, Baneling x8  
  117  9:38  Zergling x4  
  115  9:45  Zergling x12  
  115  9:47  Zergling x2  
  115  9:50  Zergling x4  
  115  9:52  Baneling x4  
  112  9:53  Zergling x2  
  112  9:56  Zergling x2  
  112  9:57  Zergling x6  
  110  10:00  Baneling  
Tags
 
Add a new tag
Caveats
  • Supply blocks, unpowered buildings, or Contaminate may cause inaccurate times.
  • Supply counts are checked every 10 seconds.